 Dungeon Crawl Stone Soup version 0.29.1-2-gbd0b4ee654 (webtiles) character file.

Game seed: 9572642734694178494

3232 hilljack the Thaumaturge (level 10, 0/109 HPs)
             Began as a Human Air Elementalist on Nov 6, 2022.
             Was a Follower of Cheibriados.
             Slain by an orc knight
             ... wielding a +0 halberd
              (28 damage)
             ... in a bailey.
             The game lasted 00:21:55 (8592 turns).

hilljack the Thaumaturge (Human Air Elementalist)   Turns: 8592, Time: 00:21:55

Health: 0/109      AC:  5    Str: 18    XL:     10   Next: 18%
Magic:  22/22      EV: 13    Int: 27    God:    Cheibriados [*.....]
Gold:   262        SH:  4    Dex: 18    Spells: 15/25 levels left

rFire   . . .      SeeInvis .   g - +7 quick blade
rCold   . . .      Faith    .   c - +0 buckler
rNeg    . . .      Spirit   .   p - +2 robe {Will+}
rPois   .          Reflect  .   (no helmet)
rElec   .          Harm     .   u - +0 cloak {rCorr}
rCorr   +          Rampage  .   (no gloves)
Will    +....                   (no boots)
Stlth   ..........              f - amulet of regeneration
HPRegen 1.08/turn               l - +6 ring of intelligence
MPRegen 0.18/turn               n - +6 ring of strength

@: berserking (expiring), very slow
A: no striking features
a: Renounce Religion, Bend Time


You were in a bailey.
You worshipped Cheibriados.
Cheibriados was aware of your devotion.
You visited 2 branches of the dungeon, and saw 8 of its levels.
You also visited: Bailey.

You collected 276 gold pieces.
You spent 14 gold pieces at shops.

Inventory:

Hand Weapons
 g - a +7 quick blade (weapon)
 r - a +2 scimitar of freezing
Armour
 c - a +0 buckler (worn)
 p - a +2 robe of willpower (worn)
 u - a +0 cloak of preservation (worn)
Jewellery
 f - an amulet of regeneration (around neck)
 l - a +6 ring of intelligence (left hand)
 n - a +6 ring of strength (right hand)
Wands
 a - a wand of polymorph (10)
 k - a wand of paralysis (5)
 m - a wand of acid (12)
 o - a wand of iceblast (8)
Scrolls
 d - a scroll of blinking
 e - a scroll of identify
Potions
 b - 3 potions of magic
 h - 4 potions of curing
 j - a potion of lignification
 q - a potion of flight
Miscellaneous
 s - a lightning rod (4/4)


   Skills:
 + Level 4.9 Fighting
 + Level 4.8 Short Blades
 + Level 4.2 Dodging
 - Level 8.0 Stealth
 - Level 8.0 Spellcasting
 - Level 1.0 Conjurations
 - Level 3.0 Air Magic


You had 15 spell levels left.
You knew the following spells:

 Your Spells              Type           Power      Damage    Failure   Level
a - Shock                 Conj/Air       84%        1d8       3%          1
b - Static Discharge      Conj/Air       21%        3-6/arc   4%          2
c - Swiftness             Air            27%        N/A       6%          3
d - Airstrike             Air            13%        2d(2-18)  21%         4

Your spell library contained the following spells:

 Spells                   Type           Power      Damage    Failure   Level
 Summon Small Mammal      Summ           40%        N/A       7%          1
 Call Canine Familiar     Summ           10%        N/A       22%         3
 Summon Guardian Golem    Hex/Summ       10%        N/A       22%         3


Dungeon Overview and Level Annotations

Branches:
Dungeon (7/15)             Temple (1/1) D:6          Bailey (1/1)

Altars:
Ashenzari
Cheibriados
Fedhas
Gozag
Hepliaklqana
Kikubaaqudgha
Okawaru
Qazlal
Ru
Trog
Uskayaw
Vehumet
Wu Jian
Yredelemnul

Shops:
D:2 !

Annotations:
D:7 1 runed translucent door, Duvessa; Smersh616's ghost, novice OpBr


Message History

You hit the orc knight but do no damage.
The orc knight is moderately wounded.
You hit the orc knight but do no damage.
The orc knight is moderately wounded.
The orc knight hits you with a +0 halberd!!
You hit the orc knight but do no damage.
The orc knight is moderately wounded.
You hit the orc knight.
The orc knight is moderately wounded.
The orc knight closely misses you.
You hit the orc knight.
The orc knight is moderately wounded.
You hit the orc knight but do no damage.
The orc knight is moderately wounded.
The orc knight closely misses you.
You closely miss the orc knight.
The orc knight is moderately wounded.
You hit the orc knight but do no damage.
The orc knight is moderately wounded.
The orc knight hits you with a +0 halberd!
A red film seems to cover your vision as you go berserk!
Cheibriados forces you to slow down.
You feel mighty! The orc knight closely misses you.
You completely miss the orc knight.
The orc knight is moderately wounded.
The orc knight shouts!
You closely miss the orc knight.
The orc knight is moderately wounded.
The orc knight hits you with a +0 halberd!
You barely miss the orc knight.
The orc knight is moderately wounded.
You hit the orc knight but do no damage.
The orc knight is moderately wounded.
The orc knight roars a battlecry!
The orc knight goes into a battle-frenzy!
The orc knight hits you with a +0 halberd!
* * * LOW HITPOINT WARNING * * *
You hit the orc knight but do no damage.
The orc knight hits you with a +0 halberd!!
You die...

......≈≈≈≈≈.................≈≈≈≈≈
.....≈≈###≈≈...............≈≈###≈
.....≈##.##≈...............≈##.##
.....≈#.).......................#
.....≈##)∩#≈...............≈#∩)##
.....≈≈#.##≈......###......≈##.#≈
......≈≈.≈≈≈...#########...≈≈≈.≈≈
..............##o......##........
.............##.@#'#'#..##.......
.............#.o##.#)##..#.......
............##.#########.##......
............##.')#)o!#)'.##......
............##.###o8o###.##......
............##.')#...#.'.##......
............##.####'####.##......
.............#..##∩.∩##..##......
.............##o.#'''##..........


You could see 2 orc knights.

Vanquished Creatures
  Sigmund (D:4)
  3 yaks (D:7)
  A steam dragon (D:6)
  A black bear (D:4)
  A sky beast (D:6)
  6 orc warriors (Bailey)
  An ogre (D:4)
  2 centaurs
  2 phantoms (D:4)
  A kobold brigand (D:7)
  A bullfrog (D:6)
  A necrophage (D:5)
  5 scorpions
  8 wights (D:6)
  A bullfrog skeleton (D:6)
  An orc priest (D:5)
  Crazy Yiuf (D:4)
  An orc wizard (D:5)
  4 iguanas
  Natasha (thrice) (D:2)
  A howler monkey zombie (D:6)
  A gnoll (D:1)
  3 adders
  3 ufetubi
  4 worms
  2 dart slugs
  22 orcs
  12 ball pythons
  4 bats
  13 endoplasms
  4 giant cockroaches
  7 goblins
  7 hobgoblins
  5 quokkas
  3 frilled lizards
  9 kobolds
  5 rats
150 creatures vanquished.

Notes
Turn   | Place    | Note
-------+----------+-------------------------------------------
     0 | D:1      | hilljack the Human Air Elementalist began the quest for the
                  | Orb.
     0 | D:1      | Reached XP level 1. HP: 13/13 MP: 3/3
   271 | D:1      | Reached XP level 2. HP: 12/20 MP: 0/5
   701 | D:1      | Reached skill level 1 in Fighting
   701 | D:1      | Reached skill level 1 in Short Blades
   701 | D:1      | Reached XP level 3. HP: 12/26 MP: 0/6
  1614 | D:1      | Learned a level 2 spell: Static Discharge
  1618 | D:1      | Learned a level 3 spell: Swiftness
  1848 | D:2      | Reached XP level 4. HP: 32/32 MP: 4/8
  2086 | D:2      | Found Oklasoar's Distillery.
  2090 | D:2      | Bought a potion of degeneration for 14 gold pieces
  2104 | D:2      | Noticed Natasha
  2146 | D:2      | Killed Natasha
  2234 | D:2      | Noticed Natasha
  2248 | D:2      | Killed Natasha
  2249 | D:2      | Reached XP level 5. HP: 30/38 MP: 0/9
  2484 | D:2      | Identified a scroll of acquirement
  2484 | D:2      | Acquired a +7 quick blade
  2583 | D:2      | Found a faded altar of an unknown god.
  2612 | D:2      | Noticed Natasha
  2618 | D:2      | Killed Natasha
  4271 | D:4      | Noticed a black bear
  4281 | D:4      | Killed a black bear
  4282 | D:4      | Reached XP level 6. HP: 46/47 MP: 5/12
  4343 | D:4      | Noticed an ogre
  4348 | D:4      | Killed an ogre
  4389 | D:4      | Reached XP level 7. HP: 48/52 MP: 12/14
  4461 | D:4      | Noticed Sigmund
  4464 | D:4      | Reached skill level 5 in Spellcasting
  4472 | D:4      | Killed Sigmund
  5035 | D:4      | Found a runed translucent door.
  5036 | D:4      | Noticed Crazy Yiuf
  5049 | D:4      | Killed Crazy Yiuf
  5428 | D:5      | Entered Level 5 of the Dungeon
  5444 | D:4      | Reached XP level 8. HP: 57/58 MP: 17/17
  5540 | D:5      | HP: 2/58 [scorpion (4)]
  6200 | D:5      | Learned a level 4 spell: Airstrike
  6346 | D:6      | Found a staircase to the Ecumenical Temple.
  6355 | Temple   | Entered the Ecumenical Temple
  6557 | Temple   | Became a worshipper of Cheibriados the Contemplative
  6592 | D:6      | Reached skill level 5 in Stealth
  6692 | D:6      | Reached XP level 9. HP: 35/63 MP: 20/20
  7730 | D:7      | Found a runed translucent door.
  7731 | D:7      | Noticed Smersh616's ghost (novice OpBr)
  7860 | D:7      | Noticed Duvessa
  7888 | D:7      | Found a flagged portal.
  7895 | Bailey   | Entered a bailey
  7915 | Bailey   | Reached * piety under Cheibriados
  8046 | Bailey   | Reached XP level 10. HP: 45/73 MP: 12/22
  8370 | Bailey   | Noticed an orc knight
  8370 | Bailey   | Noticed an orc knight
  8592 | Bailey   | Slain by an orc knight

Illustrated notes

Levels and vault maps discovered:
D:1:      dpeg_arrival_three_bigger_balls, layout_loops_corners
D:2:      layout_basic, hellmonk_ecumenical_altar_arch_garden, serial_shops,
          nicolae_shop_statue_plus, minmay_small_reverse_x, uniq_natasha
D:3:      layout_loops_ring
D:4:      layout_loops_ring, palyth_stone_intersect, grunt_ministairs_4,
          minmay_misc_feat_plants, uniq_sigmund, uniq_crazy_yiuf_cottage
D:5:      layout_loops_cross
D:6:      layout_basic, minmay_temple_entry_overgrown, serial_undead,
          serial_undead_c, serial_undead_e, serial_undead_b, serial_undead_c,
          serial_undead_e
D:7:      kennysheep_big_flooded_room, layout_rooms, enter_bailey_2,
          hellmonk_ghost_happy_afterlife, uniq_prince_ribbit1, uniq_duvessa
Temple:   eino_narrow_crystal_temple
Bailey:   bailey_polearm_2, bailey

Skill      XL: |  1  2  3  4  5  6  7  8  9 10 |
---------------+-------------------------------+-----
Fighting       | 1 2 3 4 |  4.9
Short Blades   | 1 2 3 4 |  4.8
Spellcasting   | 3 4 6 7 8 |  8.0
Stealth        | 5 8 |  8.0
Dodging        | 3 4 |  4.2
Conjurations   | |  1.0
Air Magic      | |  3.0

Action                   |  1- 3 |  4- 6 |  7- 9 | 10-12 || total
-------------------------+-------+-------+-------+-------++-------
Melee: Dagger            |    21 |     6 |       |       ||    27
       Quick blade       |       |    30 |   245 |    38 ||   313
 Cast: Shock             |    53 |   103 |    48 |       ||   204
       Static Discharge  |       |       |     8 |     4 ||    12
       Swiftness         |       |       |     1 |       ||     1
  Use: Scroll            |     1 |     3 |    12 |       ||    16
       Potion            |       |       |     5 |     1 ||     6
 Stab: Sleeping          |     1 |       |     6 |     4 ||    11
       Distracted        |       |       |       |     1 ||     1
Armor: Robe              |     4 |     4 |    43 |     5 ||    56
Dodge: Dodged            |     8 |    10 |    88 |    13 ||   119
Block: Buckler           |     6 |     2 |    28 |     1 ||    37
